AoeStats
← Peru_o_O

Yucatan

510338469Analyzed
2v2 RM · 16h ago on Sep 30, 2026· 48m 37s· 4 players
Game mode
Random Map
Map size
Medium (4 player)
Population
200
Speed
Normal
Resources
Standard
Victory
Conquest
Starting age
Dark Age
Ending age
Imperial Age
RankedLock teamsTeams togetherTeam positionsShared explorationLock speedFull tech treeHidden civsTurbo modeCheats
Victory
Defeat
🇵🇪 Persians · Peru
1218
+18
🇵🇪 Wu · Peru
1174
+18
🇬🇧 Franks · United Kingdom
1250
-18
🇬🇧 Mongols · United Kingdom
1249
-18
Peru_o_O
2:24 Loom
10:35 Feudal Age
14:54 Castle Age
13:15 Double-Bit Axe
13:14 Horse Collar
14:58 Gold Mining
17:30 Wheelbarrow
23:29 Bow Saw
25:13 Heavy Plow
25:14 Stone Mining
26:00 Hand Cart
29:55 Imperial Age
27:49 Scale Barding Armor
28:11 Bloodlines
28:02 Husbandry
28:27 Forging
29:10 Chain Barding Armor
30:07 Gold Shaft Mining
30:09 Iron Casting
29:41 Cavalier
31:04 Plate Barding Armor
32:05 Savar
34:35 Blast Furnace
37:54 Crop Rotation
39:14 Conscription
40:12 Fletching
40:47 Ballistics
41:28 Chemistry
41:52 Elite Skirmisher
42:29 Bodkin Arrow
45:29 Padded Archer Armor
llspritell
5:43 Loom
12:45 Feudal Age
13:44 Double-Bit Axe
19:33 Castle Age
18:35 Arson
19:03 Forging
18:50 Horse Collar
20:47 Squires
21:17 Scale Mail Armor
22:27 Stone Mining
25:13 Wheelbarrow
24:41 Stone Mining
24:21 Pikeman
28:13 Town Watch
29:18 Iron Casting
34:30 Imperial Age
32:31 Fletching
35:19 Padded Archer Armor
35:47 Ballistics
35:51 Gold Mining
37:25 Bodkin Arrow
37:45 Bow Saw
39:19 Sitting Tiger
40:28 Bracer
41:08 Gold Shaft Mining
40:37 Heavy Plow
42:11 Conscription
43:41 Stone Shaft Mining
44:10 Leather Archer Armor
44:11 Chain Mail Armor
45:03 Halberdier
47:34 Treadmill Crane
48:56 Chemistry
48:58 Blast Furnace
48:29 Plate Mail Armor
47:22 Elite Fire Archer
jetjag
6:40 Loom
12:48 Feudal Age
13:34 Double-Bit Axe
17:02 Wheelbarrow
22:34 Castle Age
20:41 Stone Mining
23:28 Bow Saw
24:46 Scale Barding Armor
24:33 Pikeman
25:33 Gold Mining
27:04 Husbandry
28:20 Chain Barding Armor
28:44 Gold Shaft Mining
32:20 Murder Holes
33:52 Fletching
34:48 Ballistics
34:30 Bodkin Arrow
37:20 Scale Mail Armor
50:54 Imperial Age
Balrog
10:56 Feudal Age
14:49 Castle Age
12:44 Double-Bit Axe
15:51 Loom
17:27 Horse Collar
18:57 Town Watch
20:19 Bow Saw
21:51 Fishing Lines
23:10 Wheelbarrow
23:15 Heavy Plow
24:36 Gillnets
25:15 Hand Cart
25:08 Gold Mining
29:40 Imperial Age
28:05 Gold Shaft Mining
27:49 Fletching
28:00 Padded Archer Armor
28:34 Stone Mining
29:10 Ballistics
29:10 Bodkin Arrow
30:44 Bracer
31:47 Chemistry
30:10 Elite Mangudai
30:36 Capped Ram
31:40 Siege Ram
33:03 Conscription
36:06 Bloodlines
35:57 Husbandry
37:34 Scale Barding Armor
37:40 Forging
37:03 Sappers
38:11 Hoardings
37:59 Heavy Camel Rider
37:59 Light Cavalry
39:40 Chain Barding Armor
40:30 Iron Casting
40:35 Leather Archer Armor
39:54 Hussar
48:06 Blast Furnace
Connection lost

Rejoining the realm…

Still unreachable

The connection could not be restored.

Session expired

The server has moved on; the page needs a fresh start.